 Dungeon Crawl Stone Soup version 0.28.0-53-g5a82cb258f (webtiles) character file.

Game seed: 4359235508124146515

154 nickcage the Firebug (level 5, 0/28 HPs)
             Began as a Deep Elf Fire Elementalist on June 21, 2022.
             Killed by divine providence
             ... invoked by an orc priest
              (13 damage)
             ... on level 3 of the Dungeon.
             The game lasted 00:05:11 (2047 turns).

nickcage the Firebug (Deep Elf Fire Elementalist)   Turns: 2047, Time: 00:05:12

Health: 0/28       AC:  2    Str:  5    XL:     5   Next: 13%
Magic:  10/13      EV: 12    Int: 22    God:
Gold:   145        SH:  0    Dex: 15    Spells: 6/12 levels left

rFire   . . .      SeeInvis .   h - +2 dagger (speed)
rCold   . . .      Faith    .   (no shield)
rNeg    . . .      Spirit   .   a - +0 robe
rPois   +          Reflect  .   (no helmet)
rElec   .          Harm     .   (no cloak)
rCorr   .          Rampage  .   (no gloves)
Will    +....                   (no boots)
Stlth   ++........              (no amulet)
HPRegen 0.09/turn               g - ring of willpower
MPRegen 0.13/turn               l - ring of poison resistance

@: no status effects
A: no striking features
a: no special abilities


You were on level 3 of the Dungeon.
You visited 1 branch of the dungeon, and saw 3 of its levels.

You collected 145 gold pieces.

Inventory:

Hand Weapons
 b - a +0 dagger
 h - a +2 dagger of speed (weapon)
Missiles
 i - 61 stones
Armour
 a - a +0 robe (worn)
Jewellery
 g - a ring of willpower (left hand)
 l - a ring of poison resistance (right hand)
Scrolls
 c - a scroll of identify {unknown}
 e - a scroll of immolation {unknown}
 f - a scroll of fog {unknown}
Potions
 d - a potion of attraction {unknown}
 j - 2 potions of ambrosia {unknown}
 k - 2 potions of curing {unknown}


   Skills:
 - Level 2.4 Dodging
 - Level 2.4 Stealth
 - Level 4.1 Spellcasting
 * Level 2.2 Conjurations
 + Level 5.5 Fire Magic


You had 6 spell levels left.
You knew the following spells:

 Your Spells              Type           Power      Damage    Failure   Level
a - Foxfire               Conj/Fire      84%        2x1d8     2%          1
b - Scorch                Fire           58%        2d8       1%          2
c - Conjure Flame         Conj/Fire      21%        6-21      7%          3

Your spell library contained the following spells:

 Spells                   Type           Power      Damage    Failure   Level
 Inner Flame              Hex/Fire       16%        N/A       11%         3
 Corpse Rot               Necr/Air       8%         N/A       17%         2
 Poisonous Vapours        Pois/Air       8%         N/A       17%         2
 Flame Wave               Conj/Fire      21%        2d7       22%         4


Dungeon Overview and Level Annotations

Branches:
Dungeon (3/15)

Altars:
Gozag


Message History

Flames lash the dart slug.
The dart slug is severely wounded.
The dart slug's fire resistance burns away.
The dart slug launches a dart at you. The slug dart hits you.
Flames lash the dart slug.
The dart slug is burned terribly!
You kill the dart slug!
You now have 129 gold pieces (gained 1).
You now have 130 gold pieces (gained 1).
k - 2 fizzy dark potions (gained 1)
You now have 131 gold pieces (gained 1).
You see here a hobgoblin corpse.
You now have 132 gold pieces (gained 1).
You now have 133 gold pieces (gained 1).
You now have 134 gold pieces (gained 1).
You now have 135 gold pieces (gained 1).
Things that are here:
a +0 club; a goblin corpse
Found a stone staircase leading down.
Things that are here:
a +0 club; an orc corpse
Found a whip.
You now have 145 gold pieces (gained 10).
You see here a +0 whip.
An endoplasm comes into view.
Flames lash the endoplasm.
You kill the endoplasm!
An orc is nearby!
Flames lash the orc.
You kill the orc!
You hear a shout!
An orc priest is nearby!
The orc priest invokes the aid of Beogh against you.
Beogh smites you!
Ouch! That really hurt!
A kobold comes into view. It is wielding a +0 short sword.
You are too injured to fight recklessly!
The orc priest mumbles some strange prayers to Beogh against you.
Beogh smites you!
You die...

... ..........
.....#.....####........
.K...#................>
.....#................. .
.................##.##
..........#####...###.##
....##....### #...###.##
............###..)......
....o..@....#...........
......##....#...........
........................
....####................ ...
...#.##............
........#.......#.##............
.......$#.......#............#..
................#............#
............... ............#


You could see an orc priest and a kobold.

Vanquished Creatures
  A bullfrog (D:3)
  3 adders
  2 worms (D:2)
  A dart slug (D:3)
  5 orcs
  2 ball pythons
  6 bats
  An endoplasm (D:3)
  3 giant cockroaches
  7 hobgoblins
  8 goblins
  6 kobolds
  5 rats
50 creatures vanquished.

Vanquished Creatures (others)
  12 foxfires (D:1)
12 creatures vanquished.

Grand Total: 62 creatures vanquished

Notes
Turn   | Place    | Note
-------+----------+-------------------------------------------
     0 | D:1      | nickcage the Deep Elf Fire Elementalist began the quest for
                  | the Orb.
     0 | D:1      | Reached XP level 1. HP: 10/10 MP: 6/6
   267 | D:1      | Reached XP level 2. HP: 15/15 MP: 8/8
   274 | D:1      | Learned a level 2 spell: Scorch
   646 | D:2      | Reached skill level 4 in Fire Magic
   788 | D:2      | Reached XP level 3. HP: 19/19 MP: 7/10
  1390 | D:2      | Learned a level 3 spell: Conjure Flame
  1746 | D:3      | Reached XP level 4. HP: 24/24 MP: 9/12
  1769 | D:3      | Noticed a bullfrog
  1773 | D:3      | Killed a bullfrog
  1774 | D:3      | Reached skill level 5 in Fire Magic
  1819 | D:3      | Found an opulent altar of Gozag.
  1835 | D:3      | Reached XP level 5. HP: 28/28 MP: 1/13
  2047 | D:3      | Killed from afar by an orc priest

Illustrated notes

Levels and vault maps discovered:
D:1:      wander_arrival_chamber, layout_loops_ring, chequers_mini_garden
D:2:      layout_rooms, grunt_decor_cap
D:3:      layout_basic, grunt_gozag_breadcrumbs, nrook_mini_backslash,
          minmay_misc_feat_roman

Skill      XL: |  1  2  3  4 |
---------------+-------------+-----
Fire Magic     | 4 5 |  5.5
Spellcasting   | 4 |  4.1
Conjurations   | 2 |  2.2
Dodging        | |  2.4
Stealth        | |  2.4

Action                   |  1- 3 |  4- 6 || total
-------------------------+-------+-------++-------
Melee: Dagger            |    11 |     3 ||    14
 Cast: Foxfire           |     7 |       ||     7
       Scorch            |    33 |    14 ||    47
 Stab: Sleeping          |     6 |       ||     6
Armor: Robe              |     3 |       ||     3
Dodge: Dodged            |     9 |     1 ||    10
